[Event "Torneo Nuevo Centro. Jornada 8"]
[Site "Chess.com"]
[Date "2020.08.07"]
[Round "3"]
[White "Beneyto de Ramon, Guillermo"]
[Black "Pedros Viudes, Santiago"]
[Result "0-1"]
[WhiteElo "1650"]
[BlackElo "1902"]
[TimeControl "180+2"]
[EndTime "10:59:36 PDT"]
[Termination "Victoria de ElGatoKamsky por abandono"]

1. c4 e6 2. Nc3 d5 3. cxd5 exd5 4.
d4 Nf6 5. g3 c6 6. Bg2 Bd6 7. Bg5 Nbd7 8. Nf3 h6 9. Bxf6 Nxf6 10. Rg1 O-O 11. Kf1 Re8 12. e3 Be6 13. Rh1 Qd7 14.
Kg1 Bg4 15. h3 Bh5 16. Ne2 Ne4 17. Nf4 Bxf4 18. exf4 f6 19. g4 Bf7 20. f5 Qd6 21.
Nd2 Nxd2 22. Qxd2 Re7 23. f4 Rae8 24. Kh2 Re2 25. Qc1 Qb4 26. Qc3 Qxb2 27. Qxb2 Rxb2 28. Rab1 Ree2 29. Rhg1 Kf8 30. Kg3 Ke7 31. Bf3 Red2 32. Rgd1 Rxb1 33. Rxb1 b6 34. Rc1 Kd6 35. Rc3 Rxa2 36.
h4 Rd2 37. Ra3 a5 38. Ra4 Be8 39. g5 Rd3 40. g6 c5 41. dxc5+ Kxc5 42. Ra2 d4 43. Kg4 a4 44. h5 a3 45. Kg3 Bc6 46. Rf2 Rxf3+ 47. Rxf3 Bxf3 48. Kxf3 a2 0

[Event "Torneo Nuevo Centro. Jornada 8"]
[Site "Chess.com"]
[Date "2020.08.07"]
[Round "3"]
[White "Lloret Ramis, Juan José"]
[Black "Sos Andreu, Eric"]
[Result "0-1"]
[WhiteElo "1993"]
[BlackElo "2546"]
[TimeControl "180+2"]
[EndTime "10:59:48 PDT"]
[Termination "Victoria de ericovski por tiempo"]

1. c4 c5 2. Nc3 b6 3. Nf3 Bb7 4. g3 Nf6 5. Bg2 e6 6. O-O Be7 7. d4 cxd4 8. Qxd4 O-O 9. Rd1 d6 10. Bg5 Nbd7 11. Nb5 d5 12. cxd5 exd5 13. Bf4 Nc5 14.
Ne5 Ne6 15. Qd2 a6 16. Nd4 Nxf4 17. Qxf4 Bd6 18. Nf5 Bxe5 19. Qxe5 Re8 20. Qf4 Rxe2 21. Qg5 g6 22. Nh6+ Kg7 23. Nf5+ Kh8 24. Nh6 Qe7 25. Rac1 Ne8 26. Qg4 Rd8 27. Bf3 Re6 28. Qf4 Kg7 29.
Ng4 h5 30. Qh6+ Kg8 31. Ne3 d4 0

[Event "Torneo Nuevo Centro. Jornada 8"]
[Site "Chess.com"]
[Date "2020.08.07"]
[Round "3"]
[White "Fente Fernandez, Jose Ignacio"]
[Black "Perrot, Fabien "]
[Result "1-0"]
[WhiteElo "1463"]
[BlackElo "1017"]
[TimeControl "180+2"]
[EndTime "10:59:58 PDT"]
[Termination "Victoria de SrFente por jaque mate"]

1. e4 e5 2. Nf3 Nc6 3. Bc4 Bc5 4. c3 Nf6 5. d4 exd4 6. cxd4 Bb6 7. Nc3 d6 8. O-O Bg4 9. d5 Nd4 10. Be2 Nxe2+ 11.
Qxe2 O-O 12. h3 Bh5 13. g4 Bg6 14. Re1 Re8 15. Qc4 a6 16. Nh4 Qe7 17. Nxg6 hxg6 18. Kg2 Ba7 19. a4 Qe5 20. Be3 Nxe4 21. Bxa7 Rxa7 22.
Rxe4 Qxe4+ 23. Nxe4 Re7 24. f3 Ra8 25. b4 Rae8 26.
b5 f5 27. Nc3 fxg4 28. Qxg4 Re3 29. Ne4 Re2+ 30. Kg3 Rf8 31. Qxg6 Re3 32. Rf1 Ra3 33. Ng5 Rxa4 34. Qh7# 1

[Event "Torneo Nuevo Centro. Jornada 8"]
[Site "Chess.com"]
[Date "2020.08.07"]
[Round "3"]
[White "Luque Saiz, Andrés"]
[Black "Zamora Soler, Raul"]
[Result "1-0"]
[WhiteElo "2005"]
[BlackElo "1876"]
[TimeControl "180+2"]
[EndTime "11:00:09 PDT"]
[Termination "Victoria de Chuch1n por abandono"]

1. e4 c5 2. Nf3 Nc6 3. Bb5 d6 4.
Bxc6+ bxc6 5. O-O e6 6. d3 Be7 7. e5 d5 8. c4 Bd7 9. Nc3 f5 10. exf6 Bxf6 11. Re1 Ne7 12. Ne5 O-O 13. Na4 Bxe5 14.
Rxe5 Ng6 15. Re1 d4 16. Nxc5 e5 17. Ne4 Bf5 18. Bg5 Qb6 19. b3 Bxe4 20. Rxe4 Rf5 21. Bd2 Raf8 22. f3 c5 23. Qe1 Qf6 24. b4 cxb4 25. Bxb4 Rf7 26. Bd2 Nh4 27. Qxh4 Qxh4 28. Rxh4 g5 29. Re4 h6 30. Rb1 Kg7 31. a4 Rc7 32. Rb5 Kf6 33. Kf2 Rc6 34. g4 Rf4 35. Bxf4 exf4 36. Rxd4 Ra6 37. a5 Re6 38. Re4 Rd6 39. d4 Ra6 40. c5 Rc6 41. d5 Rxc5 42. Rxc5 1

[Event "Torneo Nuevo Centro. Jornada 8"]
[Site "Chess.com"]
[Date "2020.08.07"]
[Round "3"]
[White "Gil López, Alejandro"]
[Black "Montesinos Diaz, Luis"]
[Result "1-0"]
[WhiteElo "2210"]
[BlackElo "1835"]
[TimeControl "180+2"]
[EndTime "11:00:37 PDT"]
[Termination "Victoria de AglVal0313 por abandono"]

1. e4 c6 2. d4 d5 3. Nc3 dxe4 4.
Nxe4 Bf5 5. Ng3 Bg6 6. h4 h6 7. Nf3 Nd7 8. h5 Bh7 9. Bd3 Bxd3 10.
Qxd3 Ngf6 11. Bf4 Qa5+ 12. c3 e6 13. Ne5 Be7 14. Ne4 Nxe4 15. Qxe4 Nxe5 16. Bxe5 Bf6 17. Bxf6 gxf6 18. Qe2 Rg8 19. g3 Qd5 20. Rh4 Rg5 21. a3 a5 22. O-O-O b5 23. Rg1 b4 24. c4 Qf5 25. Rf4 Qh3 26. Rxf6 Qxh5 27. Qe4 Rc8 28. g4 Qh2 29. Rh1 Qd6 30. Rfxh6 bxa3 31. c5 axb2+ 32. Kxb2 Qd5 33. Rh8+ Kd7 34. Qf4 Rxh8 35. Qxf7+ Kc8 36. Rxh8+ Qd8 37. Rxd8+ Kxd8 38. Qf6+ 1

[Event "Torneo Nuevo Centro. Jornada 8"]
[Site "Chess.com"]
[Date "2020.08.07"]
[Round "3"]
[White "Gutierrez Marco, Dario"]
[Black "Gukasov, Artem"]
[Result "0-1"]
[WhiteElo "1807"]
[BlackElo "1541"]
[TimeControl "180+2"]
[EndTime "11:00:45 PDT"]
[Termination "Victoria de ArtemGukasov por jaque mate"]

1. e4 e6 2. d4 d5 3. e5 c5 4.
c3 Nc6 5. a3 Qb6 6. Nf3 c4 7. h4 Bd7 8. h5 h6 9. g3 Na5 10. Nbd2 Ne7 11. Bh3 Nec6 12. O-O Be7 13. Re1 O-O-O 14. Nh2 g6 15. hxg6 fxg6 16. Nhf1 g5 17.
Ne3 Rhf8 18. Rb1 Nb3 19. Nxb3 cxb3 20. Bd2 a5 21. Rc1 a4 22. Re2 Kb8 23. Be1 Na5 24.
c4 dxc4 25. Bxa5 Qxa5 26. Nxc4 Qd5 27. Bg2 Qb5 28. Rd2 Bc6 29. Bh3 Qd5 30. f3 Rxf3 31.
Bg2 Rxg3 32. Qf1 Qd7 33. Nb6 Qe8 34. Kh2 Rg4 35. Bxc6 bxc6 36. Rc3 Rdxd4 37. Qa6 Rxd2+ 38. Kh3 Qh5# 0

[Event "Torneo Nuevo Centro. Jornada 8"]
[Site "Chess.com"]
[Date "2020.08.07"]
[Round "3"]
[White "Bercaru, Vlad Ionut"]
[Black "Bascuñana Sánchez, Pablo"]
[Result "1/2-1/2"]
[WhiteElo "1862"]
[BlackElo "1652"]
[TimeControl "180+2"]
[EndTime "11:03:35 PDT"]
[Termination "Partida en tablas por mutuo acuerdo"]

1. c4 Nf6 2. Nc3 g6 3. Nf3 Bg7 4. g3 O-O 5. Bg2 Nc6 6. O-O d6 7. d3 e5 8. Bg5 h6 9. Bxf6 Bxf6 10. Nd5 Bg7 11. Rb1 f5 12. b4 Be6 13. Nd2 Rb8 14. f4 exf4 15. Nxf4 Bf7 16. Kh1 g5 17. Nd5 Be6 18.
b5 Ne5 19. Nf3 Ng4 20. h3 Nf6 21. Nxf6+ Bxf6 22. e3 g4 23. hxg4 fxg4 24. Nd4 Bd7 25. Bd5+ Kh7 26. Ne6 Bxe6 27. Bxe6 h5 28. Kg2 Qe8 29.
Bf5+ Kh8 30. Be4 Qe7 31. Rh1 Qf7 32. Qxg4 h4 33. Qg6 Qxg6 34. Bxg6 Rg8 35. Kf2 Rxg6 36. gxh4 Rh6 37. Ke2 Rg8 38. Rbf1 Bxh4 39. Rf4 Bg5 40.
Rxh6+ Bxh6 41. Rf7 Rg7 42. Rf8+ Kh7 43. Ra8 Rg2+ 44.
Kf3 Rxa2 45. Rc8 c6 46. bxc6 bxc6 47. Rxc6 Ra3 48. Rxd6 a5 49. Rd7+ Kg6 50. Ke4 a4 51. c5 Rc3 52. Rd6+ Kh7 53. c6 a3 54. Rd7+ Kg6 55. c7 a2 56. Rd6+ Kh7 57. Ra6 Rxc7 58.
Rxa2 Re7+ 59. Kd4 Bxe3+ 60. Kc4 Rc7+ 61. Kd5 Bh6 62. Ke4 Kg6 63. Ra6+ Kg7 64. Ra4 Bc1 65.
Ra6 Kf7 66. Ra4 Bg5 67. Ra6 Bh4 68. Ra4 Bf2 69. Ra6 Re7+ 70. Kf3 Bc5 71. Ra5 Bb6 72.
Rf5+ Kg6 73. Rb5 Re6 74. Kf4 Be3+ 75. Kf3 Bg5 1/2-1

[Event "Torneo Nuevo Centro. Jornada 8"]
[Site "Chess.com"]
[Date "2020.08.07"]
[Round "4"]
[White "Birnoveanu, Petru"]
[Black "Miranda Calvo, Max Rodrigo"]
[Result "1-0"]
[WhiteElo "1669"]
[BlackElo "1346"]
[TimeControl "180+2"]
[EndTime "11:05:55 PDT"]
[Termination "Victoria de piculet por abandono"]

1. e4 e5 2. Bc4 Bc5 3. Nf3 Nc6 4. O-O d6 5. Nc3 Bg4 6. Na4 Nd4 7. Be2 Nxe2+ 8. Qxe2 Bb6 9. h3 Bxf3 10. Qxf3 Ne7 11. Nxb6 axb6 12. d3 O-O 13. Qg3 Ng6 14. Bg5 f6 15.
Be3 Kh8 16. h4 h5 17. Qxg6 1

[Event "Torneo Nuevo Centro. Jornada 8"]
[Site "Chess.com"]
[Date "2020.08.07"]
[Round "4"]
[White "Vicent Lázaro, Elena"]
[Black "Fente Fernandez, Jose Ignacio"]
[Result "0-1"]
[WhiteElo "672"]
[BlackElo "1463"]
[TimeControl "180+2"]
[EndTime "11:06:07 PDT"]
[Termination "Victoria de SrFente por abandono"]

1. e3 d5 2. c4 c6 3. Nc3 Nf6 4. Bd3 e6 5. Bb1 Nbd7 6. Qc2 Nb6 7. Nf3 Nxc4 8. b3 Nb6 9. Na4 Bd6 10. Nxb6 Qxb6 11. O-O Bd7 12. a4 a5 13. b4 Bxb4 0

[Event "Torneo Nuevo Centro. Jornada 8"]
[Site "Chess.com"]
[Date "2020.08.07"]
[Round "4"]
[White "Serrano Requena, Guillem"]
[Black "Beneyto de Ramon, Guillermo"]
[Result "0-1"]
[WhiteElo "1319"]
[BlackElo "1652"]
[TimeControl "180+2"]
[EndTime "11:07:05 PDT"]
[Termination "Victoria de GUILLETE por abandono"]

1. d4 d5 2. Nf3 e6 3. c4 c6 4. cxd5 cxd5 5. Nc3 Nf6 6. Bg5 Be7 7. e3 Nc6 8. a3 Rb8 9. Bd3 b5 10. Bxb5 Qb6 11. Qa4 Bd7 12. O-O O-O 13. Ne5 Nxe5 14. Bxd7 Nexd7 15. Qxd7 Nxd7 16. Bxe7 Rfe8 17. Bb4 a5 18. Bd6 Qxd6 0

[Event "Torneo Nuevo Centro. Jornada 8"]
[Site "Chess.com"]
[Date "2020.08.07"]
[Round "4"]
[White "Bascuñana Sánchez, Pablo"]
[Black "Martínez Escandell, Alfonso"]
[Result "1-0"]
[WhiteElo "1665"]
[BlackElo "1822"]
[TimeControl "180+2"]
[EndTime "11:08:23 PDT"]
[Termination "Victoria de Pabasan2010 por tiempo"]

1. e4 c5 2. Nf3 e6 3. d3 Nc6 4. Be3 b6 5. Nbd2 Bb7 6. Be2 g6 7. O-O Bg7 8. c3 Nge7 9. d4 cxd4 10. cxd4 O-O 11. Nc4 d5 12. exd5 Nxd5 13. Qd2 Qd7 14. Rfd1 Rad8 15. Qc2 Nxe3 16. fxe3 1

[Event "Torneo Nuevo Centro. Jornada 8"]
[Site "Chess.com"]
[Date "2020.08.07"]
[Round "4"]
[White "Ainsa Jimenez, Lucas"]
[Black "Donate Peris, Jose Manuel"]
[Result "1-0"]
[WhiteElo "1071"]
[BlackElo "1526"]
[TimeControl "180+2"]
[EndTime "11:09:45 PDT"]
[Termination "Victoria de ainsaluck por abandono"]

1. e4 e6 2. d4 d5 3. exd5 exd5 4.
Nf3 Bg4 5. h3 Bh5 6. Be2 Nf6 7.
Ne5 Bxe2 8. Qxe2 Be7 9. O-O O-O 10. Nf3 h6 11. Nc3 c6 12. Bf4 Re8 13. Qd3 Nbd7 14.
Rfe1 Nf8 15. Ne5 N6d7 16. Qg3 Nxe5 17. Bxe5 Bf6 18. Bxf6 Qxf6 19. Rxe8 Rxe8 20. Rd1 Ne6 21. Ne2 Qf5 22. c3 Qc2 23. Re1 Qxb2 24. Nf4 Qxc3 25.
Qxc3 g6 26. Nxe6 fxe6 27. Qg3 Kf7 28. Re3 g5 29. Rf3+ Kg6 30. Qe5 1

[Event "Torneo Nuevo Centro. Jornada 8"]
[Site "Chess.com"]
[Date "2020.08.07"]
[Round "4"]
[White "Gutierrez Marco, Dario"]
[Black "Tormos Beltran, Maite"]
[Result "1-0"]
[WhiteElo "1809"]
[BlackElo "1426"]
[TimeControl "180+2"]
[EndTime "11:09:50 PDT"]
[Termination "Victoria de rususs por tiempo"]

1. e4 d5 2. exd5 Qxd5 3. Nc3 Qd6 4. d4 Nf6 5. Nf3 c6 6. Be2 Bf5 7. O-O Nbd7 8. Be3 Nb6 9. a4 Nbd5 10. Nxd5 cxd5 11.
c3 Ng4 12. Bd2 Be4 13. Bb5+ Kd8 14. g3 a6 15. Be2 h5 16. Rc1 h4 17. Nxh4 Nxh2 18. Bf4 Qf6 19. Qd2 Rxh4 20. gxh4 Nf3+ 21. Bxf3 Bxf3 22. Bg3 Qf5 23. Qf4 Qh3 24. Qxf3 1

[Event "Torneo Nuevo Centro. Jornada 8"]
[Site "Chess.com"]
[Date "2020.08.07"]
[Round "4"]
[White "Montesinos Diaz, Luis"]
[Black "Lloret Ramis, Juan José"]
[Result "1-0"]
[WhiteElo "1849"]
[BlackElo "1982"]
[TimeControl "180+2"]
[EndTime "11:10:39 PDT"]
[Termination "Victoria de Gwiso_06 por tiempo"]

1. d4 d5 2. Nf3 e6 3. e3 Nf6 4. Bd3 c5 5. b3 Nc6 6. Bb2 cxd4 7. exd4 Bd6 8. O-O O-O 9. Nbd2 Nb4 10. Be2 Ne4 11. a3 Nc6 12. c4 f5 13. Ne5 Nxe5 14.
dxe5 Bc5 15. Nxe4 fxe4 16. b4 Bb6 17. cxd5 exd5 18. Bd4 Be6 19. a4 a5 20. b5 Rc8 21.
Kh1 Bc5 22. f3 b6 23. Rc1 Qe7 24. Qd2 Bxd4 25. Qxd4 Rc5 26. fxe4 Rxf1+ 27. Rxf1 dxe4 28. Qxe4 Bd5 29. Qf5 h6 30. Bd3 g5 31. Qg6+ Qg7 32.
Qe8+ 1

[Event "Torneo Nuevo Centro. Jornada 8"]
[Site "Chess.com"]
[Date "2020.08.07"]
[Round "4"]
[White "Conejero Martínez, Víctor"]
[Black "Pardo Ruiz, Carlos"]
[Result "0-1"]
[WhiteElo "1369"]
[BlackElo "1675"]
[TimeControl "180+2"]
[EndTime "11:11:20 PDT"]
[Termination "Victoria de Carlitoscarlsen por abandono"]

1. d4 c5 2. dxc5 e6 3. e3 Bxc5 4. Nf3 d5 5. Bd2 Nc6 6. Bd3 Nf6 7. a3 O-O 8. b4 Bd6 9. c4 dxc4 10. Bxc4 Ne5 11. Nxe5 Bxe5 12. Nc3 Bd7 13. O-O Bc6 14.
Rc1 Qd7 15. b5 Be4 16. Nxe4 Nxe4 17. Bb4 Rfd8 18. Qf3 Ng5 19. Qg4 Bf6 20. Rfd1 Qe8 21. a4 h6 22. Bd3 Rac8 23. Rxc8 Rxc8 24. h4 Nh7 25. Qe4 g6 26. h5 Kg7 27. hxg6 fxg6 28. Qxg6+ Qxg6 29. Bxg6 Kxg6 30. Rd7 Be5 31. g3 Rc7 32. Rd8 Rc4 33. Bd6 Bxd6 34. Rxd6 Kf5 35. Rd7 Ng5 36. Rxb7 Kg4 37. Kg2 Rxa4 38. Rc7 Rb4 39. Rc5 Rb2 40. Kf1 Kf3 41. Ke1 Rb1+ 42. Kd2 Ne4+ 43. Kd3 Nxc5+ 0

[Event "Torneo Nuevo Centro. Jornada 8"]
[Site "Chess.com"]
[Date "2020.08.07"]
[Round "4"]
[White "Pedros Viudes, Santiago"]
[Black "Casado Andreu, David"]
[Result "1-0"]
[WhiteElo "1908"]
[BlackElo "1756"]
[TimeControl "180+2"]
[EndTime "11:11:29 PDT"]
[Termination "Victoria de ElGatoKamsky por jaque mate"]

1. d4 Nf6 2. Nf3 g6 3. Bf4 Bg7 4. e3 d6 5. Be2 O-O 6. O-O Nc6 7.
c4 Nd7 8. h3 e5 9. Bh2 e4 10.
Nfd2 f5 11. Nc3 Ne7 12. b4 c6 13. Bxd6 Nf6 14. c5 b6 15. a4 Rf7 16. Bc4 Ned5 17.
Nxd5 cxd5 18. Bb5 Bb7 19. Bh2 a6 20. Be2 bxc5 21. bxc5 Bc6 22. Rb1 Rb7 23. Qc2 Rab8 24. Bxb8 Rxb1 25. Rxb1 Qa5 26. Be5 Bxa4 27. Qa2 Nd7 28.
Qxd5+ Kh8 29. Bxg7+ Kxg7 30. Nc4 Qd2 31. Bf1 Bc2 32.
Rb7 Qd1 33. Rxd7+ Kh6 34. Qf7 Bd3 35. Qxh7+ Kg5 36. h4+ Kg4 37. Ne5# 1

[Event "Torneo Nuevo Centro. Jornada 8"]
[Site "Chess.com"]
[Date "2020.08.07"]
[Round "4"]
[White "Sos Andreu, Eric"]
[Black "Gil López, Alejandro"]
[Result "1-0"]
[WhiteElo "2550"]
[BlackElo "2208"]
[TimeControl "180+2"]
[EndTime "11:11:53 PDT"]
[Termination "Victoria de ericovski por abandono"]

1. d4 e5 2. dxe5 d6 3. Bf4 Nc6 4. Nf3 Bg4 5. Nbd2 h6 6. h3 dxe5 7. Nxe5 Nxe5 8. Bxe5 Be6 9. Nf3 Qe7 10. e3 Rd8 11.
Bd3 Nf6 12. O-O g6 13. Qd2 Bg7 14. Qc3 Nd5 15. Qd4 Bxe5 16. Qxe5 O-O 17. a3 Qd6 18.
Qxd6 Rxd6 19. Rad1 Rfd8 20. Be2 Nf6 21. Rxd6 Rxd6 22. Rd1 Rxd1+ 23. Bxd1 Bf5 24. Nd4 Bd7 25. f3 Kf8 26. e4 Ke7 27. Kf2 c5 28. Ne2 b6 29.
Nc3 Kd6 30. Ke3 Nh5 31. f4 Ng7 32. g4 Ne6 33. e5+ Ke7 34. Ne4 Bc6 35. c3 g5 36.
fxg5 hxg5 37. Bb3 Bxe4 38. Kxe4 b5 39. Bxe6 Kxe6 40. b3 a5 41. b4 axb4 42. axb4 cxb4 43. cxb4 1

[Event "Torneo Nuevo Centro. Jornada 8"]
[Site "Chess.com"]
[Date "2020.08.07"]
[Round "4"]
[White "Aymerich Rosell, Pablo"]
[Black "Luque Saiz, Andrés"]
[Result "0-1"]
[WhiteElo "1952"]
[BlackElo "2014"]
[TimeControl "180+2"]
[EndTime "11:11:53 PDT"]
[Termination "Victoria de Chuch1n por abandono"]

1. e4 c6 2. d4 d5 3. e5 c5 4. dxc5 e6 5. a3 Bxc5 6. Bd3 Ne7 7. Nf3 Ng6 8. O-O Qc7 9. b4 Be7 10. Bb2 a5 11. b5 Nf4 12. Nbd2 Nxd3 13. cxd3 a4 14.
Rc1 Qd8 15. Nd4 Nd7 16. f4 O-O 17. Kh1 Nc5 18. Qf3 Bd7 19. f5 exf5 20. Nxf5 Bxb5 21.
Nxg7 Kxg7 22. e6+ f6 23. Qh5 Nxd3 24. Rc3 Qe8 25. Qh4 Nxb2 26. Rg3+ Kh8 27. Rh3 Qg6 28.
Rff3 Rac8 29. Nf1 Rc1 30. Qf2 Rxf1+ 31. Qxf1 Bxf1 32. Rxf1 Nc4 33. Rg3 Qe4 34. Rgf3 Qxe6 35. h3 Nd2 0

[Event "Torneo Nuevo Centro. Jornada 8"]
[Site "Chess.com"]
[Date "2020.08.07"]
[Round "4"]
[White "Rodriguez Rodriguez, Joan David "]
[Black "Yuste Valenzuela, Alejandro"]
[Result "1/2-1/2"]
[WhiteElo "1715"]
[BlackElo "1871"]
[TimeControl "180+2"]
[EndTime "11:11:58 PDT"]
[Termination "Partida en tablas por mutuo acuerdo"]

1. d4 Nf6 2. c4 g6 3. Nc3 Bg7 4. e4 d6 5. Nf3 O-O 6. Be2 e5 7. dxe5 dxe5 8. Qxd8 Rxd8 9. Bg5 Re8 10. O-O c6 11.
Rad1 h6 12. Bh4 g5 13. Bg3 Nh5 14. Rfe1 Nxg3 15. hxg3 Nd7 16. Bd3 a5 17. a4 Nc5 18.
Bc2 Be6 19. b3 g4 20. Nh4 h5 21. Nf5 Bxf5 22. exf5 Rad8 23. Ne4 Nxe4 24. Bxe4 Rd4 25.
Rd3 Rxd3 26. Bxd3 Rd8 27. Rd1 Kf8 28. f3 gxf3 29. gxf3 Ke7 30. Kf2 Kf6 31. g4 hxg4 32.
fxg4 Bh6 33. Kf3 Rd4 34. Be2 Rxd1 35. Bxd1 Bd2 36. Ke4 Bc3 37. Bc2 Bd4 38. Bd1 Kg5 39. Be2 f6 40. Bd1 c5 41. Be2 1/2-1

[Event "Torneo Nuevo Centro. Jornada 8"]
[Site "Chess.com"]
[Date "2020.08.07"]
[Round "4"]
[White "Martin Ayala, David"]
[Black "Kovacevic, Slobodan"]
[Result "1-0"]
[WhiteElo "1906"]
[BlackElo "2227"]
[TimeControl "180+2"]
[EndTime "11:12:18 PDT"]
[Termination "Victoria de martinayala por tiempo"]

1. e4 c5 2. Nc3 e6 3. Bc4 a6 4. a4 Nc6 5. f4 Qc7 6. Nf3 Qxf4 7.
d3 Qc7 8. O-O Nf6 9. Qe1 d6 10.
Qh4 Be7 11. Bg5 h6 12. Rae1 Ne5 13. Nxe5 dxe5 14. Bxf6 Bxf6 15. Qg3 b6 16. Rf3 Qe7 17. Ref1 Bd7 18. Qe1 O-O 19. Ne2 Bg5 20. Ng3 Bxa4 21. Nh5 Bxc2 22. Qc3 Ba4 23. Qxe5 f6 24. Bxe6+ Kh8 25.
Qf5 Be8 26. Nf4 Bxf4 27. Rxf4 Bb5 28. Bd5 Rae8 29. R1f3 Qe5 30. Qh3 Qxb2 31. Rf2 Qb1+ 32. Rf1 Qxd3 33. R4f3 Qd4+ 34. Kh1 Bxf1 35. Rxf1 c4 36.
Rc1 b5 37. Bb7 f5 38. Bxa6 1

[Event "Torneo Nuevo Centro. Jornada 8"]
[Site "Chess.com"]
[Date "2020.08.07"]
[Round "4"]
[White "Chofre Murcia, Adrián"]
[Black "Marques Montolio, Luis"]
[Result "1-0"]
[WhiteElo "1685"]
[BlackElo "1425"]
[TimeControl "180+2"]
[EndTime "11:13:09 PDT"]
[Termination "Victoria de Kelorian por abandono"]

1. e4 d5 2. exd5 Qxd5 3. Nc3 Qa5 4. Nf3 c6 5. d4 Bg4 6. Be2 e6 7. Bd2 Qc7 8. h3 Bh5 9. Ne5 Bxe2 10. Qxe2 Nf6 11.
Ng4 Nbd7 12. Nxf6+ Nxf6 13. Ne4 Be7 14. Nxf6+ Bxf6 15. c3 O-O 16. Qg4 c5 17. O-O cxd4 18. cxd4 Qd7 19. Be3 Rac8 20. Rfd1 Qd5 21. b3 Rc6 22.
Rac1 Rfc8 23. Rxc6 Rxc6 24. Qg3 Rc8 25. Qf4 h6 26. Qg4 Kh7 27. f3 Rc2 28. Qe4+ Qf5 29.
Qxf5+ exf5 30. d5 b6 31. d6 Rc8 32. d7 Rd8 33. Bf4 Ra8 34. Bc7 Bd8 35. Bd6 b5 36.
b4 Bb6+ 37. Kh2 Rd8 38. Be7 Rb8 39. d8=Q Bxd8 40. Rxd8 Rxd8 41. Bxd8 g5 42. Kg3 Kg6 43. f4 f6 44. Kf3 h5 45. g4 fxg4+ 46. hxg4 h4 47. f5+ Kg7 48. a3 a6 49. Bb6 Kf7 50. Bd4 Kg7 51. Bf2 Kf7 52. Ke4 Ke7 53. Kd5 Kd7 54. Kc5 Kc7 55. Bg1 h3 56. Bh2+ Kb7 57. Kd6 Kb6 58. Bg1+ Kb7 59. Ke6 Kc6 60. Kxf6 Kd5 61.
Kxg5 Kc4 62. f6 Kb3 63. f7 Kxa3 64. f8=Q 1

[Event "Torneo Nuevo Centro. Jornada 8"]
[Site "Chess.com"]
[Date "2020.08.07"]
[Round "4"]
[White "Gimenez Saiz, Jose Raul"]
[Black "Castellano López, Javier"]
[Result "1/2-1/2"]
[WhiteElo "1728"]
[BlackElo "1887"]
[TimeControl "180+2"]
[EndTime "11:13:30 PDT"]
[Termination "Tablas por repeticiÃ³n"]

1. d4 d5 2. e3 Nf6 3. Bd3 Bg4 4. f3 Bh5 5. Ne2 e6 6. O-O c5 7. c3 Nc6 8. Nd2 Bd6 9. dxc5 Bxc5 10. Nb3 Bb6 11.
Nd2 Bxe3+ 12. Kh1 O-O 13. Nb3 Bxc1 14. Rxc1 Bg6 15. Bxg6 hxg6 16. Nbd4 Rc8 17. Qd3 Ne5 18. Qb5 Qb6 19. Qxb6 axb6 20. b3 Ra8 21. a4 Rfc8 22. Nb5 Ne8 23. Rfd1 Kf8 24. h4 Ke7 25. Kg1 Nc7 26.
Kf2 Nxb5 27. axb5 Ra2 28. Ra1 Rca8 29. Rxa2 Rxa2 30. Rb1 Kd6 31. Ke3 Nd7 32. c4 dxc4 33. bxc4 Ne5 34. Rd1+ Ke7 35. g4 Nxc4+ 36. Kd4 Rxe2 37.
Kxc4 Rf2 38. Rd3 Rh2 39. Ra3 Rxh4 40. Ra7 f5 41. Rxb7+ Kd6 42. Rxb6+ Kc7 43. Kc5 fxg4 44. fxg4 Rxg4 45. Rxe6 Rg5+ 46. Kb4 Kd7 47. Ra6 Rg4+ 48. Ka5 Kc8 49. Ra7 g5 50. Rxg7 Rg1 51. Kb6 g4 52. Rg8+ Kd7 53. Rg7+ Kc8 54. Rg8+ Kd7 55. Rg7+ Kc8 1/2-1

[Event "Torneo Nuevo Centro. Jornada 8"]
[Site "Chess.com"]
[Date "2020.08.07"]
[Round "4"]
[White "Roca Cruz, Rafael"]
[Black "Conon, Catalin"]
[Result "1/2-1/2"]
[WhiteElo "1802"]
[BlackElo "1939"]
[TimeControl "180+2"]
[EndTime "11:16:10 PDT"]
[Termination "Tablas por repeticiÃ³n"]

1. d4 Nf6 2. c4 e6 3. Nc3 d5 4. Bg5 Be7 5. cxd5 exd5 6. e3 O-O 7.
Bd3 h6 8. Bh4 c6 9. Qc2 Nbd7 10.
Nge2 Nb6 11. O-O Be6 12. f3 Nc4 13. Bf2 c5 14. Nxd5 Nxd5 15. Bxc4 Nb4 16. Qb3 Bxc4 17. Qxc4 cxd4 18. Nxd4 Rc8 19. Qb3 Qa5 20. a3 Nd5 21.
Qb5 Qxb5 22. Nxb5 Rc2 23. Rab1 Bf6 24. Nd4 Rd2 25. Rfd1 Rxd1+ 26. Rxd1 Rc8 27. Nb5 a6 28. Rxd5 axb5 29. g4 Rc1+ 30. Kg2 Bxb2 31. Rxb5 Bxa3 32. Rxb7 Rc2 33. Kg3 Bd6+ 34. f4 Rc3 35. Kf3 Rc6 36.
h4 f6 37. Rd7 Bb4 38. h5 Rc4 39. Rd4 Rxd4 40. exd4 Kf7 41. Ke4 Ke6 42. Be3 Be1 43. d5+ Kd6 44. Bc1 Bb4 45. Bb2 Bc5 46. Bc3 Ba3 47. Bd4 Bb4 48. Be3 Ba3 49. Bf2 Bb4 50.
Bg3 Bc5 51. g5 Ba3 52. f5+ Kd7 53. gxh6 gxh6 54. Bf4 Bf8 55. Kd4 Bg7 56. Kc4 Bf8 57. Kd4 Bg7 58. Kc5 Bf8+ 59. d6 Bg7 60. Kd5 Bf8 61. Bd2 Bg7 62. Bc3 Bh8 63. Bb2 Bg7 64. Ba3 Bh8 65. Ke4 Bg7 66. Kf4 Bf8 67. Ke4 Bg7 68. Bc1 Bf8 69. Kd5 Bg7 70. Be3 Bf8 71. Bd4 Bg7 72. Bc3 Bh8 73. Bd2 Bg7 74. Bf4 Bf8 75.
Bg3 Bg7 76. Bf2 Bf8 77. Be3 Bg7 78. Bb6 Bf8 79. Bc7 Bg7 80. Bb8 Bf8 81. Bc7 Bg7 82. Bb6 Bf8 83. Bd4 Bg7 84. Kc5 Bh8 85. Kd5 Bg7 1/2-1

[Event "Torneo Nuevo Centro. Jornada 8"]
[Site "Chess.com"]
[Date "2020.08.07"]
[Round "5"]
[White "Miranda Calvo, Max Rodrigo"]
[Black "Fitzpatrick Dimas, Kevin"]
[Result "1-0"]
[WhiteElo "1348"]
[BlackElo "897"]
[TimeControl "180+2"]
[EndTime "11:18:36 PDT"]
[Termination "Victoria de bas-max-miranda por jaque mate"]

1. e4 e5 2. Nf3 Nc6 3. Bc4 Bd6 4. d3 Bc5 5. Ng5 Nh6 6. Nf3 d6 7. Bxh6 gxh6 8. Nbd2 Bg4 9. h3 Bxf3 10. Qxf3 Nd4 11.
Qxf7# 1

[Event "Torneo Nuevo Centro. Jornada 8"]
[Site "Chess.com"]
[Date "2020.08.07"]
[Round "5"]
[White "Vicent Lázaro, Elena"]
[Black "Serrano Requena, Guillem"]
[Result "0-1"]
[WhiteElo "671"]
[BlackElo "1320"]
[TimeControl "180+2"]
[EndTime "11:19:11 PDT"]
[Termination "Victoria de Guily351 por abandono"]

1. e3 d5 2. c4 c6 3. Nc3 Nf6 4. Bd3 e6 5. Bb1 Bb4 6. cxd5 cxd5 7. Qa4+ Nc6 8. Qc2 a6 9. Nf3 O-O 10. g4 g6 11. Ng5 Nxg4 12. Qd1 Qxg5 13. f3 Nxh2 14.
Rxh2 Qg1+ 15. Ke2 Qxh2+ 0

[Event "Torneo Nuevo Centro. Jornada 8"]
[Site "Chess.com"]
[Date "2020.08.07"]
[Round "5"]
[White "Conon, Catalin"]
[Black "Gimenez Saiz, Jose Raul"]
[Result "0-1"]
[WhiteElo "1927"]
[BlackElo "1740"]
[TimeControl "180+2"]
[EndTime "11:22:02 PDT"]
[Termination "Victoria de rango013 por jaque mate"]

1. e4 d5 2. exd5 Nf6 3. c4 c6 4. dxc6 Nxc6 5. Nf3 Bg4 6. Be2 e5 7. d3 Bb4+ 8. Nc3 e4 9. dxe4 Nxe4 10. O-O Nxc3 11. bxc3 Bxc3 12. Rb1 O-O 13. Qc2 Bf6 14. Bf4 Re8 15. Rxb7 Rc8 16. Rd1 Qa5 17. Rbb1 Bf5 18. Bd3 Nb4 19. Qc3 Bxc3 20. Bxf5 Qxf5 21. Be3 h6 22. Rbc1 Nxa2 23. Rb1 a5 24. Rd5 Qxb1+ 25. Rd1 Qxd1+ 26. Ne1 Qxe1# 0

[Event "Torneo Nuevo Centro. Jornada 8"]
[Site "Chess.com"]
[Date "2020.08.07"]
[Round "5"]
[White "Perrot, Fabien "]
[Black "Donate Peris, Jose Manuel"]
[Result "0-1"]
[WhiteElo "1015"]
[BlackElo "1527"]
[TimeControl "180+2"]
[EndTime "11:22:41 PDT"]
[Termination "Victoria de cheryme por abandono"]

1. d4 Nf6 2. c4 d5 3. Bg5 dxc4 4. Bxf6 exf6 5. e4 Bb4+ 6. Nc3 b5 7. a3 Ba5 8. b4 cxb3 9. Qxb3 Qxd4 10. Rc1 a6 11.
Be2 O-O 12. f3 Be6 13. Qc2 c5 14. Bf1 Qe3+ 15. Ne2 Bc4 16. h4 Nc6 17. Rh3 Nd4 18.
Qb2 Nxe2 19. Bxe2 Bxe2 20. Qxe2 Qxc1+ 21. Qd1 Bxc3+ 22. Kf2 Qxd1 0